 Dungeon Crawl Stone Soup version 0.28-a0-622-gbaef9634d7 (webtiles) character file.

Game seed: 3207027184111966766

168 sleeves the Slasher (level 5, -2/41 HPs)
             Began as a Demonspawn Fighter on Oct 7, 2021.
             Slain by an ogre (26 damage)
             ... on level 4 of the Dungeon.
             The game lasted 00:02:41 (3236 turns).

sleeves the Slasher (Demonspawn Fighter)            Turns: 3236, Time: 00:02:42

Health: -2/41      AC:  9    Str: 18    XL:     5   Next: 24%
Magic:  0/5        EV:  9    Int:  9    God:
Gold:   146        SH:  4    Dex: 12    Spells: 4/4 levels left

rFire   . . .      SeeInvis +   i - +2 dagger (speed)
rCold   . . .      Faith    .   c - +0 buckler
rNeg    . . .      Spirit   +   b - +0 scale mail
rPois   .          Reflect  .   p - +0 helmet
rElec   .          Harm     .   (no cloak)
rCorr   .          Rampage  .   (no gloves)
Will    .....                   (no boots)
Stlth   ..........              s - amulet of guardian spirit
HPRegen 0.13/turn               n - ring of see invisible
MPRegen 0.09/turn               f - ring of flight

@: flying
A: thin metallic scales 1, demonic touch 1
a: no special abilities


You were on level 4 of the Dungeon.
You visited 1 branch of the dungeon, and saw 4 of its levels.

You collected 146 gold pieces.

Inventory:

Hand Weapons
 a - a +0 long sword
 i - a +2 dagger of speed (weapon)
   (You took it off a goblin on level 1 of the Dungeon)
 j - a +4 dagger of pain
   (You took it off a kobold on level 1 of the Dungeon)
Armour
 b - a +0 scale mail (worn)
 c - a +0 buckler (worn)
 p - a +0 helmet (worn)
   (You found it on level 2 of the Dungeon)
Jewellery
 f - a ring of flight (right hand)
   (You found it on level 1 of the Dungeon)
 n - a ring of see invisible (left hand)
   (You found it on level 2 of the Dungeon)
 s - an amulet of guardian spirit (around neck)
   (You found it on level 4 of the Dungeon)
Scrolls
 h - a scroll of enchant weapon {unknown}
 k - 2 scrolls of teleportation {unknown}
 o - 3 scrolls of identify {unknown}
 q - 2 scrolls of summoning {unknown}
 t - a scroll of blinking {unknown}
Potions
 d - a potion of might
 e - a potion of degeneration {unknown}
 g - 2 potions of lignification {unknown}
 l - 3 potions of heal wounds {unknown}
 m - a potion of flight {unknown}
 r - a potion of haste {unknown}


   Skills:
 - Level 3.0 Fighting
 + Level 5.0 Long Blades
 - Level 2.6 Armour
 - Level 2.6 Shields


You had 4 spell levels left.
You didn't know any spells.
Your spell library contained the following spells:

 Spells                   Type           Power      Damage    Failure   Level
 Magic Dart               Conj           0%         1d3       83%         1
 Blink                    Tloc           N/A        N/A       93%         2
 Call Imp                 Summ           0%         N/A       93%         2
 Static Discharge         Conj/Air       0%         N/A       93%         2
 Lesser Beckoning         Tloc           0%         N/A       99%         3
 Mephitic Cloud           Conj/Pois/Air  0%         N/A       99%         3
 Lightning Bolt           Conj/Air       0%         1d11      100%        5
 Manifold Assault         Tloc           0%         N/A       100%        5
 Maxwell's Capacitive Co  Air            0%         ∞         100%        8


Dungeon Overview and Level Annotations

Branches:
Dungeon (4/15)
 Temple: D:4-7

Altars:
Cheibriados
Gozag
Nemelex Xobeh
Okawaru


Innate Abilities, Weirdness & Mutations

You are partially covered in thin metallic scales. (AC +2)
Your touch may inflict minor irresistible damage on your foes.


Message History

You barely miss the adder. You barely miss the adder. The adder bites you.
You hit the adder.
The adder is lightly wounded.
You block the adder's attack.
You hit the adder.
The adder is severely wounded.
You block the adder's attack.
You miss the adder.
The adder is severely wounded.
You closely miss the adder.
The adder is severely wounded.
The adder bites you but does no damage.
You hit the adder but do no damage.
The adder is severely wounded.
The adder barely misses you.
You hit the adder but do no damage.
The adder is severely wounded.
The adder closely misses you.
You hit the adder.
The adder is almost dead.
The adder bites you.
You closely miss the adder.
The adder is almost dead.
The adder bites you but does no damage.
You closely miss the adder.
The adder is almost dead.
You barely miss the adder.
The adder is almost dead.
The adder bites you.
You barely miss the adder.
The adder is almost dead.
The adder bites you.
You are too injured to fight recklessly!
You are too injured to fight recklessly!
You are too injured to fight recklessly!
You are too injured to fight recklessly!
You are too injured to fight recklessly!
You are too injured to fight recklessly!
You are too injured to fight recklessly!
An adder is nearby!
An adder is nearby!
You are too injured to fight recklessly!
You are too injured to fight recklessly!
You are too injured to fight recklessly!
You are too injured to fight recklessly!
You are too injured to fight recklessly!
You are too injured to fight recklessly!
You are too injured to fight recklessly!
You are too injured to fight recklessly!
You are too injured to fight recklessly!
You are too injured to fight recklessly!
You hit the adder but do no damage.
The adder is almost dead.
The adder bites you.
You are poisoned.
The adder poisons you!
You hit the adder.
You kill the adder!
You feel sick.
You feel sick.
You see here an adder corpse.
You feel sick.
You feel sick.
You are no longer poisoned.
Key pressed, stopping explore.
Things that are here:
a +0 short sword; 4 stones; a kobold corpse
Found a club.
Found a stone staircase leading down.
No target in view!
A kobold comes into view. It is wielding a +0 short sword.
The kobold shouts!
A kobold is nearby!
A kobold is nearby!
You block the kobold's attack.
There is a stone staircase leading down here.
You hit the kobold.
The kobold is moderately wounded.
The kobold hits you but does no damage.
You barely miss the kobold.
The kobold is moderately wounded.
You hit the kobold.
You kill the kobold!
No target in view!
No target in view!
No target in view!
No target in view!
No target in view!
Things that are here:
a +0 short sword; a kobold corpse
Things that are here:
a +0 short sword; a kobold corpse
Things that are here:
a +0 club; a +0 hunting sling; 24 stones A rat comes into view.
A rat is nearby!
A rat is nearby!
You block the rat's attack.
You closely miss the rat. You closely miss the rat.
The rat bites you but does no damage.
You barely miss the rat. The rat barely misses you.
You barely miss the rat. You hit the rat.
The rat is moderately wounded.
You block the rat's attack.
You closely miss the rat.
The rat is moderately wounded.
You hit the rat.
You kill the rat!
No target in view!
Partly explored, can't reach some places.
Partly explored, can't reach some places.
Partly explored, can't reach some places.
No target in view!
(D) Dungeon
Where to? (Enter - D:2, ? - help)
There is a stone staircase leading down here.
You fly downwards.
Found a murky green potion.
Found a stone staircase leading up.
There is a stone staircase leading up here.
A quokka is nearby!
A quokka is nearby!
A quokka is nearby!
Unknown command.
A quokka is nearby!
Found a quarterstaff and 12 gold pieces.
The quokka twitches its whiskers.
You hit the quokka.
The quokka is severely wounded.
The quokka barely misses you.
You hit the quokka.
You kill the quokka!
No target in view!
No target in view!
No target in view!
No target in view!
No target in view!
No target in view!
No target in view!
No target in view!
No target in view!
No target in view!
You see here a quokka corpse.
r - a murky green potion An endoplasm comes into view.
The endoplasm quivers.
The endoplasm moves out of view.
An endoplasm is nearby!
The endoplasm freezes you.
You are frozen.
You hit the endoplasm.
The endoplasm is moderately wounded.
The endoplasm freezes you.
You are frozen.
You completely miss the endoplasm.
The endoplasm is moderately wounded.
The endoplasm hits you but does no damage.
You hit the endoplasm.
The endoplasm is almost dead.
You hit the endoplasm.
You kill the endoplasm!
No target in view!
No target in view!
No target in view!
No target in view!
HP restored.
You now have 106 gold pieces (gained 12).
Found a leather armour.
Found 12 stones.
A goblin comes into view. It is wielding a +0 dagger.
The goblin shouts!
You hear a shout!
No target in view!
No target in view!
No target in view!
No target in view!
No target in view!
No target in view!
No target in view!
No target in view!
A goblin is nearby!
A goblin is nearby!
A goblin is nearby!
A goblin comes into view. It is wielding a +0 dagger.
The goblin shouts!
The goblin hits you but does no damage.
You closely miss the goblin.
A kobold comes into view. It is wielding a +0 whip.
The kobold shouts!
You hit the goblin.
You kill the goblin!
An endoplasm comes into view.
Found a sparkling altar of Nemelex Xobeh.
The goblin hits you with a +0 dagger.
You hit the goblin.
The goblin is moderately wounded.
You closely miss the goblin.
The goblin is moderately wounded.
You block the goblin's attack.
You closely miss the goblin.
The goblin is moderately wounded.
You block the goblin's attack. The kobold barely misses you.
You closely miss the goblin.
The goblin is moderately wounded.
There are monsters nearby!
There are monsters nearby!
You closely miss the goblin.
The goblin is moderately wounded.
The kobold barely misses you. The goblin hits you with a +0 dagger.
You closely miss the goblin.
The goblin is moderately wounded.
You block the goblin's attack. The kobold hits you but does no damage.
You hit the goblin.
The goblin is almost dead.
The endoplasm freezes you.
You are frozen.
You hit the goblin.
You kill the goblin!
The kobold barely misses you.
The endoplasm hits you but does no damage.
You hit the endoplasm.
The endoplasm is severely wounded.
You hit the endoplasm.
The endoplasm is almost dead.
The kobold hits you with a +0 whip. The endoplasm freezes you.
You are frozen.
You hit the endoplasm.
You kill the endoplasm!
The kobold closely misses you.
You hit the kobold but do no damage. You hit the kobold but do no damage.
The kobold hits you but does no damage.
You hit the kobold.
The kobold is moderately wounded.
You hit the kobold.
You kill the kobold!
No target in view!
No target in view!
No target in view!
No target in view!
No target in view!
No target in view!
Things that are here:
a +0 dagger; a goblin corpse
Found a robe.
Found 16 bolts.
No target in view!
No target in view!
No target in view!
No target in view!
No target in view!
No target in view!
No target in view!
No target in view!
No target in view!
No target in view!
Found a stone staircase leading down.
A goblin comes into view. It is wielding a +0 dagger.
The goblin shouts!
You hear a shout! x3
A hobgoblin and a kobold come into view.
Found a fuming green potion.
Found a stone staircase leading down.
The kobold shouts!
The kobold throws a stone.
The stone hits you but does no damage.
A hobgoblin comes into view.
Found 8 gold pieces.
The goblin closely misses you.
You hit the goblin.
The goblin is severely wounded.
The goblin hits you but does no damage.
You closely miss the goblin.
The goblin is severely wounded.
You hit the goblin.
You kill the goblin!
You hit the hobgoblin.
The hobgoblin is almost dead.
You block the hobgoblin's attack.
You closely miss the hobgoblin.
The hobgoblin is almost dead.
The kobold hits you but does no damage.
You hit the hobgoblin but do no damage.
The hobgoblin is almost dead.
The hobgoblin hits you.
You hit the hobgoblin.
You kill the hobgoblin!
The kobold barely misses you.
You hit the kobold.
The kobold is moderately wounded.
You hit the kobold but do no damage.
The kobold is moderately wounded.
The kobold barely misses you. The hobgoblin barely misses you.
You hit the kobold but do no damage.
The kobold is moderately wounded.
The kobold misses you.
You hit the kobold.
The kobold is severely wounded.
The hobgoblin hits you but does no damage.
You hit the kobold but do no damage.
The kobold is severely wounded.
The kobold barely misses you. The hobgoblin hits you.
You hit the kobold but do no damage.
The kobold is severely wounded.
You hit the kobold.
You kill the kobold!
The hobgoblin hits you.
You hit the hobgoblin.
The hobgoblin is moderately wounded.
You hit the hobgoblin.
The hobgoblin is almost dead.
The hobgoblin closely misses you.
You hit the hobgoblin but do no damage.
The hobgoblin is almost dead.
The hobgoblin hits you.
You hit the hobgoblin.
You kill the hobgoblin!
No target in view!
No target in view!
No target in view!
No target in view!
No target in view!
No target in view!
No target in view!
No target in view!
Things that are here:
a hobgoblin corpse; a hobgoblin corpse
Things that are here:
a +0 short sword; a stone; a kobold corpse
Things that are here:
a +0 dagger; a goblin corpse
Found a robe.
You now have 114 gold pieces (gained 8).
No target in view!
No target in view!
No target in view!
No target in view!
No target in view!
No target in view!
No target in view!
No target in view!
A rat comes into view.
You see here a +0 robe.
A rat is nearby!
A rat is nearby!
Found a stone staircase leading up.
The rat closely misses you.
You hit the rat.
The rat is moderately wounded.
The rat bites you but does no damage.
You hit the rat.
You kill the rat!
No target in view!
No target in view!
No target in view!
No target in view!
No target in view!
No target in view!
No target in view!
No target in view!
No target in view!
No target in view!
No target in view!
There is a stone staircase leading up here.
An endoplasm comes into view.
The teleport trap disappears.
The endoplasm disappears!
The endoplasm moves out of view.
A bat comes into view.
A bat is nearby!
You miss the bat. The bat hits you but does no damage.
The bat hits you but does no damage. You block the bat's attack.
You block the bat's attack.
You closely miss the bat. The bat hits you but does no damage.
You barely miss the bat. You block the bat's attack. The bat barely misses you.
The bat hits you but does no damage.
You hit the bat.
You kill the bat!
No target in view!
No target in view!
No target in view!
No target in view!
No target in view!
No target in view!
No target in view!
No target in view!
No target in view!
No target in view!
No target in view!
No target in view!
No target in view!
The endoplasm quivers.
An endoplasm is nearby!
An endoplasm is nearby!
The endoplasm barely misses you.
You hit the endoplasm.
The endoplasm is lightly wounded.
You hit the endoplasm.
The endoplasm is heavily wounded.
The endoplasm hits you.
You hit the endoplasm.
You kill the endoplasm!
No target in view!
No target in view!
No target in view!
No target in view!
A hobgoblin comes into view.
A hobgoblin is nearby!
A hobgoblin is nearby!
You hit the hobgoblin.
The hobgoblin is heavily wounded.
You closely miss the hobgoblin.
The hobgoblin is heavily wounded.
The hobgoblin completely misses you.
You hit the hobgoblin.
You kill the hobgoblin!
No target in view!
No target in view!
No target in view!
No target in view!
No target in view! 2 goblins come into view.
The goblin shouts!
There are monsters nearby!
There are monsters nearby!
Found a stone staircase leading down.
Found an iron altar of Okawaru.
The goblin hits you but does no damage. You block the goblin's attack.
You hit the goblin but do no damage. You hit the goblin.
The goblin is moderately wounded.
The goblin closely misses you.
You hit the goblin.
The goblin is heavily wounded.
The goblin barely misses you.
You closely miss the goblin.
The goblin is heavily wounded.
You hit the goblin.
You kill the goblin!
The goblin hits you but does no damage. The goblin hits you with a +0 spear.
You barely miss the goblin.
Your shield and scale mail prevent you from hitting the goblin.
The goblin barely misses you.
You closely miss the goblin. You hit the goblin.
The goblin is severely wounded.
The goblin hits you with a +0 spear.
You hit the goblin.
You kill the goblin!
No target in view!
No target in view!
No target in view!
No target in view!
No target in view!
No target in view!
No target in view!
No target in view!
No target in view!
No target in view!
No target in view!
No target in view!
No target in view!
No target in view!
You see here a +0 quarterstaff.
A quokka comes into view.
A quokka is nearby!
A quokka is nearby!
A quokka is nearby!
You hit the quokka.
The quokka is almost dead.
You hit the quokka.
You kill the quokka!
No target in view!
No target in view!
No target in view!
No target in view!
No target in view!
No target in view!
No target in view!
No target in view!
No target in view!
You pick up a book of Lightning and begin reading...
You add the spells Static Discharge, Lightning Bolt and Maxwell's Capacitive Coupling to your library.
A bat comes into view.
Found a gold piece.
A bat is nearby!
The bat hits you but does no damage.
You miss the bat. The bat closely misses you.
You hit the bat.
The bat is moderately wounded.
The bat closely misses you.
Found a gold piece.
The bat hits you but does no damage.
A bat and a quokka come into view.
The bat barely misses you.
You closely miss the bat. The bat hits you but does no damage.
The bat completely misses you.
You barely miss the bat. You block the bat's attack.
You hit the bat.
The bat is severely wounded.
You block the bat's attack.
You hit the bat.
You kill the bat!
The bat hits you but does no damage. The bat barely misses you.
You miss the bat. The bat hits you but does no damage.
You hit the bat.
You kill the bat!
You barely miss the quokka. The quokka completely misses you.
You hit the quokka.
The quokka is heavily wounded.
The quokka completely misses you.
You hit the quokka.
The quokka is almost dead.
You block the quokka's attack.
You hit the quokka but do no damage.
The quokka is almost dead.
The quokka closely misses you.
You hit the quokka.
You kill the quokka!
No target in view!
No target in view!
No target in view!
No target in view!
No target in view!
No target in view!
No target in view!
No target in view!
No target in view!
No target in view!
No target in view!
No target in view!
No target in view!
No target in view!
You now have 115 gold pieces (gained 1).
You now have 116 gold pieces (gained 1).
Found an opulent altar of Gozag.
You now have 117 gold pieces (gained 1).
You now have 118 gold pieces (gained 1).
You now have 119 gold pieces (gained 1).
You now have 120 gold pieces (gained 1).
You now have 121 gold pieces (gained 1).
A rat comes into view.
A rat is nearby!
A rat is nearby!
A rat is nearby!
A rat is nearby!
A rat is nearby!
You block the rat's attack.
You barely miss the rat. You hit the rat.
You kill the rat!
No target in view!
No target in view!
No target in view!
No target in view!
No target in view!
No target in view!
No target in view!
g - 2 fuming green potions (gained 1)
Found 26 arrows.
A worm comes into view.
A worm is nearby!
A worm is nearby!
A worm is nearby!
Found a book of Minor Magic and a murky yellow potion.
The worm barely misses you.
Your scale mail prevents you from hitting the worm.
You hit the worm.
The worm is lightly wounded.
The worm bites you.
You hit the worm.
The worm is lightly wounded.
You hit the worm.
The worm is moderately wounded.
You hit the worm.
The worm is heavily wounded.
The worm bites you but does no damage.
You hit the worm but do no damage.
The worm is heavily wounded.
You barely miss the worm.
The worm is heavily wounded.
You barely miss the worm.
The worm is heavily wounded.
The worm barely misses you.
You hit the worm.
The worm is heavily wounded.
You hit the worm.
The worm is severely wounded.
The worm bites you but does no damage.
You hit the worm.
The worm is severely wounded.
You hit the worm.
The worm is severely wounded.
You hit the worm.
The worm is almost dead.
The worm closely misses you.
You hit the worm.
The worm is almost dead.
You barely miss the worm.
The worm is almost dead.
You hit the worm.
You kill the worm!
No target in view!
No target in view!
No target in view!
No target in view!
No target in view!
You see here a worm corpse.
You pick up a book of Minor Magic and begin reading...
You add the spells Magic Dart, Call Imp and Mephitic Cloud to your library.
l - 3 murky yellow potions (gained 1)
You see here a +0 robe.
You see here a +0 dagger.
Things that are here:
a +0 short sword; a stone Done exploring.
Done exploring.
Done exploring.
Done exploring.
Done exploring.
Okay, then.
You don't know any spells.
Done exploring.
Done exploring.
Done exploring.
Done exploring.
Done exploring.
Done exploring.
(D) Dungeon
Where to? (Enter - D:3, ? - help)
There is a stone staircase leading down here.
You fly downwards.
You hear the hiss of flowing sand.
There is an entrance to an ossuary on this level.
Hurry and find it before the portal is buried!
Found 9 gold pieces.
There is a stone staircase leading up here.
You barely miss the quokka.
The quokka bites you but does no damage.
You hit the quokka but do no damage. The quokka barely misses you.
You hit the quokka but do no damage. You barely miss the quokka.
The quokka closely misses you.
You hit the quokka.
The quokka is severely wounded.
The quokka twitches its whiskers.
The quokka bites you but does no damage.
Your scale mail prevents you from hitting the quokka.
The quokka is severely wounded.
Your shield and scale mail prevent you from hitting the quokka.
The quokka is severely wounded.
The quokka bites you but does no damage.
You hit the quokka.
You kill the quokka!
No target in view!
No target in view!
No target in view!
No target in view!
No target in view!
No target in view!
No target in view!
You now have 130 gold pieces (gained 9).
A giant cockroach comes into view.
A giant cockroach is nearby!
A giant cockroach is nearby!
Found a scroll labelled CUTATH VALO.
The giant cockroach bites you but does no damage.
You hit the giant cockroach.
The giant cockroach is moderately wounded.
You barely miss the giant cockroach.
The giant cockroach is moderately wounded.
The giant cockroach bites you but does no damage.
You hit the giant cockroach but do no damage.
The giant cockroach is moderately wounded.
The giant cockroach misses you.
You barely miss the giant cockroach.
The giant cockroach is moderately wounded.
The giant cockroach barely misses you.
You hit the giant cockroach.
You kill the giant cockroach!
No target in view!
No target in view!
No target in view!
No target in view!
No target in view!
No target in view!
No target in view!
No target in view!
q - 2 scrolls labelled CUTATH VALO (gained 1)
You now have 140 gold pieces (gained 10).
A goblin comes into view. It is wielding a +0 club.
The goblin shouts!
A goblin is nearby!
A goblin is nearby!
You hit the goblin.
The goblin is moderately wounded.
You closely miss the goblin.
The goblin is moderately wounded.
The goblin hits you but does no damage.
You closely miss the goblin.
The goblin is moderately wounded.
You barely miss the goblin.
The goblin is moderately wounded.
You block the goblin's attack.
You hit the goblin but do no damage.
The goblin is moderately wounded.
The goblin hits you with a +0 club.
You closely miss the goblin.
The goblin is moderately wounded.
The goblin hits you but does no damage.
You hit the goblin.
You kill the goblin!
No target in view!
No target in view!
No target in view!
No target in view!
No target in view!
Things that are here:
a +0 club; a goblin corpse
Found a snail-covered altar of Cheibriados.
You hear the slow hiss of a very distant avalanche of sand.
Found a ring mail.
No target in view!
No target in view!
Found 19 arrows.
Found a stone staircase leading up.
No target in view!
No target in view!
Found 12 stones.
An adder comes into view.
The adder hisses angrily.
You see here 19 arrows.
You hit the adder.
The adder is moderately wounded.
The adder bites you.
You hit the adder.
The adder is severely wounded.
The adder bites you but does no damage.
You hit the adder.
You kill the adder!
No target in view!
No target in view!
No target in view!
No target in view!
No target in view!
No target in view!
No target in view!
No target in view!
No target in view!
No target in view!
No target in view!
No target in view!
No target in view!
No target in view!
You hear the slow hiss of a very distant avalanche of sand.
HP restored.
There is a stone staircase leading up, spattered with blood here.
You see here an adder corpse.
s - an amulet of guardian spirit
Okay, then.
You start putting on your amulet.
You continue putting on your amulet of guardian spirit. x5
You finish putting on your amulet of guardian spirit.
You feel your power drawn to a protective spirit.
s - an amulet of guardian spirit (around neck)
You see here 12 stones.
Found a stone staircase leading down.
There is a stone staircase leading down here.
You hear the slow hiss of a very distant avalanche of sand.
You reach down and open the door.
There is an open door here.
Found 19 poisoned darts.
A goblin comes into view. It is wielding a +0 dagger.
The goblin shouts!
A goblin is nearby!
No target in view!
No target in view!
No target in view!
A goblin is nearby!
You hit the goblin.
The goblin is heavily wounded.
You block the goblin's attack.
You hit the goblin but do no damage.
The goblin is heavily wounded.
You hit the goblin.
You kill the goblin!
No target in view!
No target in view!
No target in view!
No target in view!
No target in view!
No target in view!
No target in view!
You now have 146 gold pieces (gained 6).
As you open the door, it creaks loudly!
There is an open door here.
You reach down and open the door.
A hound comes into view.
Found an escape hatch in the ceiling.
The hound barks!
There is an open door here.
A hound is nearby!
A hound is nearby!
The hound bites you but does no damage.
You barely miss the hound. You hit the hound.
The hound is moderately wounded.
The hound bites you but does no damage.
You closely miss the hound.
The hound is moderately wounded.
The hound bites you.
You barely miss the hound.
The hound is moderately wounded.
The hound bites you.
You barely miss the hound.
The hound is moderately wounded.
The hound bites you.
You closely miss the hound.
The hound is moderately wounded.
The hound bites you but does no damage.
You barely miss the hound.
The hound is moderately wounded.
The hound completely misses you.
You hit the hound.
The hound is moderately wounded.
The hound bites you but does no damage.
You hit the hound but do no damage.
The hound is moderately wounded.
The hound bites you.
A hound is nearby!
A hound is nearby!
Your scale mail prevents you from hitting the hound.
The hound is moderately wounded.
The hound bites you but does no damage.
You barely miss the hound.
The hound is moderately wounded.
The hound bites you.
You hit the hound.
The hound is heavily wounded.
You block the hound's attack.
You hit the hound.
The hound is heavily wounded.
You block the hound's attack.
You completely miss the hound.
The hound is heavily wounded.
The hound misses you.
You hit the hound.
The hound is severely wounded.
The hound bites you but does no damage.
You completely miss the hound.
The hound is severely wounded.
You closely miss the hound.
The hound is severely wounded.
The hound barely misses you.
You barely miss the hound.
The hound is severely wounded.
You block the hound's attack.
You barely miss the hound.
The hound is severely wounded.
You hear the slow hiss of a very distant avalanche of sand.
You block the hound's attack.
You hit the hound.
The hound is severely wounded.
You block the hound's attack.
You hit the hound.
The hound is severely wounded.
The hound bites you but does no damage.
You hit the hound.
The hound is almost dead.
The hound bites you.
You miss the hound.
The hound is almost dead.
The hound closely misses you.
You closely miss the hound.
The hound is almost dead.
The hound bites you but does no damage.
You hit the hound.
You kill the hound!
Your Long Blades skill increases to level 5!
You have reached level 5!
A hobgoblin comes into view.
A hobgoblin is nearby!
The hobgoblin shouts!
You block the hobgoblin's attack.
You hit the hobgoblin but do no damage. You closely miss the hobgoblin.
The hobgoblin hits you but does no damage.
You hit the hobgoblin but do no damage. The hobgoblin hits you.
You hit the hobgoblin but do no damage. You hit the hobgoblin.
The hobgoblin is heavily wounded.
You block the hobgoblin's attack.
You barely miss the hobgoblin.
The hobgoblin is heavily wounded.
You block the hobgoblin's attack.
You hit the hobgoblin.
The hobgoblin is severely wounded.
You barely miss the hobgoblin.
The hobgoblin is severely wounded.
The hobgoblin hits you but does no damage.
You hit the hobgoblin but do no damage.
The hobgoblin is heavily wounded.
You block the hobgoblin's attack.
A hobgoblin is nearby!
A hobgoblin is nearby!
A hobgoblin is nearby!
You barely miss the hobgoblin.
The hobgoblin is heavily wounded.
You hit the hobgoblin but do no damage.
The hobgoblin is heavily wounded.
The hobgoblin hits you but does no damage.
You hit the hobgoblin.
The hobgoblin is almost dead.
The hobgoblin closely misses you.
Your scale mail prevents you from hitting the hobgoblin.
The hobgoblin is almost dead.
You hit the hobgoblin but do no damage.
The hobgoblin is almost dead.
The hobgoblin completely misses you.
You closely miss the hobgoblin.
The hobgoblin is almost dead.
You hit the hobgoblin but do no damage.
The hobgoblin is almost dead.
The hobgoblin hits you but does no damage.
A hobgoblin is nearby!
A hobgoblin is nearby!
A hobgoblin is nearby!
You hit the hobgoblin but do no damage.
The hobgoblin is almost dead.
The hobgoblin hits you but does no damage.
You hit the hobgoblin but do no damage.
The hobgoblin is almost dead.
You hit the hobgoblin.
You kill the hobgoblin!
No target in view!
No target in view!
No target in view!
t - a scroll labelled WUD DAPEYKHLUO You see here a +0 leather armour.
You hear the hiss of a distant avalanche of sand.
Found a stone staircase leading down.
There is a stone staircase leading down here.
A jackal comes into view.
The jackal barks!
You hear a shout!
A jackal is nearby!
You hit the jackal.
The jackal is almost dead.
A jackal comes into view.
You block the jackal's attack.
The jackal barks!
You hit the jackal.
You kill the jackal!
Found a scroll labelled TOENLU TIOLISO and a spear.
You see here a jackal corpse.
You hit the jackal.
The jackal is severely wounded.
An ogre comes into view. It is wielding a +0 giant spiked club.
The jackal bites you but does no damage.
You closely miss the jackal.
The jackal is severely wounded.
You block the jackal's attack.
You closely miss the jackal.
The jackal is severely wounded.
You barely miss the jackal.
The jackal is severely wounded.
The jackal bites you but does no damage.
You closely miss the jackal.
The jackal is severely wounded.
The jackal bites you.
You hit the jackal.
The jackal is almost dead.
The jackal bites you but does no damage.
You hit the jackal but do no damage.
The jackal is almost dead.
You block the jackal's attack. The ogre barely misses you.
You hit the jackal.
You kill the jackal!
An ogre is nearby!
An ogre is nearby!
Okay, then.
Okay, then.
You hit the ogre.
The ogre is lightly wounded.
You block the ogre's attack.
You barely miss the ogre.
The ogre is lightly wounded.
You hit the ogre.
The ogre is lightly wounded.
The ogre hits you with a +0 giant spiked club!!
You hit the ogre.
The ogre is moderately wounded.
You hit the ogre.
The ogre is moderately wounded.
The ogre closely misses you.
You hit the ogre.
The ogre is moderately wounded.
You hit the ogre.
The ogre is heavily wounded.
You hit the ogre.
The ogre is heavily wounded.
The ogre hits you with a +0 giant spiked club!!
* * * LOW MAGIC WARNING * * *
Ouch! That really hurt!
You die...

.......[....'#
.####..#.####. .# #..#.#
#. ##.# #..#.####. #..
#.......#. # #.#
#.##.##.#. ?##.#####.#
#.##.##.#.
#.........#####.##.##.#.
#...†@...>....##.##.#.
##..O##..........##.#.
#.... #.###########.#.
#........ #.+#
#.....#.#. #..
..)......#.# ####### #.#
# #..


You could see an ogre.

Vanquished Creatures
  A hound (D:4)
  5 adders
  2 dart slugs
  3 worms
  3 ball pythons
  6 endoplasms
  2 giant cockroaches
  10 goblins
  8 hobgoblins
  4 jackals
  5 quokkas
  8 bats
  9 kobolds
  9 rats
75 creatures vanquished.

Vanquished Creatures (others)
  A plant (D:2)
1 creature vanquished.

Grand Total: 76 creatures vanquished

Notes
Turn   | Place    | Note
-------+----------+-------------------------------------------
     0 | D:1      | sleeves the Demonspawn Fighter began the quest for the Orb.
     0 | D:1      | Reached XP level 1. HP: 18/18 MP: 1/1
    28 | D:1      | Reached skill level 2 in Long Blades
   152 | D:1      | HP: 7/18 [frozen (5)]
   153 | D:1      | Gained mutation: Your touch may inflict minor irresistible
                  | damage on your foes. [demonic ancestry]
   153 | D:1      | Reached XP level 2. HP: 9/24 MP: 2/2
   158 | D:1      | HP: 3/24 [goblin (2)]
   597 | D:1      | Reached skill level 3 in Long Blades
  1071 | D:2      | Reached XP level 3. HP: 29/29 MP: 3/3
  1369 | D:2      | HP: 14/29 [poisoned by an adder]
  1620 | D:2      | Reached skill level 4 in Long Blades
  1620 | D:2      | Gained mutation: You are partially covered in thin metallic
                  | scales. (AC +2) [demonic ancestry]
  1620 | D:2      | Reached XP level 4. HP: 35/35 MP: 4/4
  1782 | D:2      | Found a faded altar of an unknown god.
  1865 | D:2      | HP: 17/35 [poisoned by an adder]
  2277 | D:3      | Found a sparkling altar of Nemelex Xobeh.
  2616 | D:3      | Found an iron altar of Okawaru.
  2763 | D:3      | Found an opulent altar of Gozag.
  2968 | D:4      | Found a snail-covered altar of Cheibriados.
  3141 | D:4      | Reached skill level 5 in Long Blades
  3141 | D:4      | Reached XP level 5. HP: 36/41 MP: 2/5
  3221 | D:4      | Noticed an ogre
  3236 | D:4      | Slain by an ogre

Illustrated notes

Levels and vault maps discovered:
D:1:      eino_arrival_druids_welcome, layout_basic
D:2:      layout_rooms, dreamdust_ecumenical_altar_hidden_monk_grotto,
          serial_bayou_lagoon_b
D:3:      layout_rooms, kennysheep_okawaru_gauntlet, grunt_gozag_breadcrumbs,
          mainiacjoe_overflow_brackets
D:4:      layout_loops_ring, cheibriados_altar_1, serial_shops,
          nicolae_shop_behind_doors, nicolae_ossuary_entry_ruins,
          nrook_campfire, kennysheep_pointless_box, uniq_duvessa

Skill      XL: |  1  2  3  4 |
---------------+-------------+-----
Long Blades    | 2 3 4 5 |  5.0
Fighting       | |  3.0
Armour         | |  2.6
Shields        | |  2.6

Action                   |  1- 3 |  4- 6 || total
-------------------------+-------+-------++-------
Melee: Long sword        |    17 |       ||    17
       Dagger            |   122 |   230 ||   352
Armor: Scale mail        |    39 |    64 ||   103
Dodge: Dodged            |    37 |    56 ||    93
Block: Buckler           |    24 |    37 ||    61

Table legend: (Time is in decaauts)
 A = Elapsed time spent in this place.
 B = Non-inter-level travel time spent in this place.
 C = Inter-level travel time spent in this place.
 D = Time resting spent in this place.
 E = Time spent auto-exploring this place.
 F = Levels seen in this place.
 G = Mean time per level.
                   A        B        C        D        E       F      G
               +--------+--------+--------+--------+--------+-----+--------+
         Total |   3106 |   3051 |     55 |    151 |   2377 |   4 |  776.5 |
       Dungeon |   3106 |   3051 |     55 |    151 |   2377 |   4 |  776.5 |
               +--------+--------+--------+--------+--------+-----+--------+

Top non-repeatable levels by time:
     D:2: 1110 daAuts
     D:1: 1030 daAuts
     D:3: 677 daAuts
     D:4: 288 daAuts
